 Dungeon Crawl Stone Soup version 0.29-a0-284-gf9362112df (webtiles) character file.

Game seed: 14610144454707834085

46 holysushi the Slasher (level 3, 0/28 HPs)
             Began as a Merfolk Gladiator on Mar 27, 2022.
             Succumbed to a goblin's poison
             ... on level 2 of the Dungeon.
             The game lasted 00:01:34 (953 turns).

holysushi the Slasher (Merfolk Gladiator)            Turns: 953, Time: 00:01:35

Health: 0/28       AC:  5    Str: 14    XL:     3   Next: 66%
Magic:  3/3        EV: 13    Int:  7    God:
Gold:   41         SH:  0    Dex: 17    Spells: 2/2 levels left

rFire   . . .      SeeInvis .   a - +0 long sword
rCold   . . .      Faith    .   (no shield)
rNeg    . . .      Spirit   .   b - +0 leather armour
rPois   .          Reflect  .   c - +0 helmet
rElec   .          Harm     .   (no cloak)
rCorr   .          Rampage  .   g - +0 pair of gloves
Will    .....                   (no boots)
Stlth   +.........              (no amulet)
HPRegen 0.09/turn               (no ring)
MPRegen 0.08/turn               (no ring)

@: lethally poisoned (0 -> -6), flying
A: (nimble swimmer 2), mertail
a: no special abilities


You were on level 2 of the Dungeon.
You visited 1 branch of the dungeon, and saw 2 of its levels.

You collected 41 gold pieces.

Inventory:

Hand Weapons
 a - a +0 long sword (weapon)
Missiles
 d - 3 throwing nets (quivered)
 e - a javelin
Armour
 b - a +0 leather armour (worn)
 c - a +0 helmet (worn)
 g - a +0 pair of gloves (worn)
Jewellery
 h - a +4 ring of evasion
Scrolls
 i - a scroll of torment {unknown}
 j - 2 scrolls of identify {unknown}
Potions
 f - a potion of flight


   Skills:
 + Level 2.7 Fighting
 * Level 4.6 Long Blades
 - Level 2.2 Throwing
 + Level 4.4 Dodging


You had 2 spell levels left.
You didn't know any spells.
Your spell library contained the following spells:

 Spells                   Type           Power      Damage    Failure   Level
 Apportation              Tloc           0%         N/A       52%         1
 Stone Arrow              Conj/Erth      0%         3d7       87%         3
 Animate Armour           Summ/Erth      0%         N/A       99%         4
 Alistair's Intoxication  Tmut/Pois      0%         N/A       100%        5
 Lehudib's Crystal Spear  Conj/Erth      0%         10d2      100%        8


Dungeon Overview and Level Annotations

Branches:
Dungeon (2/15)

Altars:


Innate Abilities, Weirdness & Mutations

((You are very nimble when in or above water. (Stealth+, EV+, Speed+++)))
Your lower body shifts to a powerful aquatic tail in water.


Message History

You are no longer poisoned.
The adder bites you but does no damage.
You miss the adder.
The adder is heavily wounded.
The adder misses you. The adder bites you but does no damage.
You hit the adder.
The adder is almost dead.
The adder misses you. x2
You hit the adder but do no damage.
The adder is almost dead.
The adder closely misses you.
You hit the adder.
You kill the adder!
The bat misses you. The bat hits you but does no damage.
You slash the bat!
You kill the bat!
You miss the kobold. The kobold closely misses you.
You hit the kobold.
You kill the kobold!
The goblin hits you but does no damage.
You are poisoned.
You hit the goblin.
The goblin is heavily wounded.
You feel very sick. The goblin hits you but does no damage.
You are lethally poisoned!
You hit the goblin.
You kill the goblin!
* * * LOW HITPOINT WARNING * * *
You feel very sick.
* * * LOW HITPOINT WARNING * * *
You feel very sick.
Items here: ( )) †††.
* * * LOW HITPOINT WARNING * * *
You feel sick.
You see here 5 poisoned darts.
It was a potion of flight.
You feel very buoyant.
You fly up into the air.
You die...

.# .# .# ##.##
#...# #.).#
##...##
#@....#
##)#.#.#
###..#g#
####...##K#
#.#####.†..###
b. ..######
#.......####
⌠. #.......
#######....###
..### #####.
####..[##.##..
####.....
###..#
..###....####


There were no monsters in sight!

Vanquished Creatures
  An adder (D:2)
  2 dart slugs
  5 bats
  3 endoplasms
  A giant cockroach (D:1)
  3 goblins
  3 hobgoblins
  2 quokkas (D:1)
  4 ball pythons
  2 frilled lizards (D:1)
  A kobold (D:2)
  3 rats
30 creatures vanquished.

Vanquished Creatures (others)
  A fungus (D:1)
1 creature vanquished.

Grand Total: 31 creatures vanquished

Notes
Turn   | Place    | Note
-------+----------+-------------------------------------------
     0 | D:1      | holysushi the Merfolk Gladiator began the quest for the
                  | Orb.
     0 | D:1      | Reached XP level 1. HP: 16/16 MP: 1/1
   147 | D:1      | Reached XP level 2. HP: 20/23 MP: 2/2
   651 | D:1      | Reached XP level 3. HP: 28/28 MP: 3/3
   952 | D:2      | HP: 1/28 [poisoned by a goblin]
   953 | D:2      | Succumbed to a goblin's poison

Illustrated notes

Levels and vault maps discovered:
D:1:      minmay_arrival_plants_in_alcoves, layout_basic, minmay_pentomino_w2
D:2:      minmay_general_purpose_star, layout_basic,
          hellmonk_ecumenical_altar_defaced_shrine,
          minmay_misc_feat_secret_circle

Skill      XL: |  1  2 |
---------------+-------+-----
Long Blades    | 4 |  4.6
Fighting       | |  2.7
Throwing       | |  2.2
Dodging        | |  4.4

Action                   || total
-------------------------++-------
Melee: Long sword        ||    89
  Use: Potion            ||     1
 Stab: Sleeping          ||     3
Armor: Leather armour    ||    36
Dodge: Dodged            ||    64

Table legend: (Time is in decaauts)
 A = Elapsed time spent in this place.
 B = Non-inter-level travel time spent in this place.
 C = Inter-level travel time spent in this place.
 D = Time resting spent in this place.
 E = Time spent auto-exploring this place.
 F = Levels seen in this place.
 G = Mean time per level.
                   A        B        C        D        E       F      G
               +--------+--------+--------+--------+--------+-----+--------+
         Total |    969 |    961 |      8 |      0 |    692 |   2 |  484.5 |
       Dungeon |    969 |    961 |      8 |      0 |    692 |   2 |  484.5 |
               +--------+--------+--------+--------+--------+-----+--------+

Top non-repeatable levels by time:
     D:1: 691 daAuts
     D:2: 278 daAuts
